 Dungeon Crawl Stone Soup version 0.32-a0-814-g0968bab981 (webtiles) character file.

Game seed: 5099526570017642713

1635 zenocrate the Insei (level 8, 0/28 HPs)
             Began as an Octopode Earth Elementalist on Mar 22, 2024.
             Was an Initiate of Gozag.
             Succumbed to a killer bee's poison
             ... on level 6 of the Dungeon.
             The game lasted 00:07:17 (5592 turns).

zenocrate the Insei (Octopode Earth Elementalist)   Turns: 5592, Time: 00:07:17

Health: 0/28       AC:  5    Str: 12    XL:     8   Next: 98%
Magic:  11/11      EV: 10    Int: 18    God:    Gozag
Gold:   74         SH:  0    Dex: 20    Spells: 5/11 levels left

rFire   + .          .
                       - Unarmed
rCold   . . .        (shield currently unavailable)
rNeg    . . .        (helmet currently unavailable)
rPois   +            (no amulet)
rElec   .            e - ring of protection from fire
rCorr   .            k - +6 ring of dexterity
SInv    .            (no ring)
Will    .....        (no ring)
Stlth   +++          (no ring)
HPRegen 0.24/turn    (no ring)
MPRegen 0.12/turn    (no ring)
                     (no ring)

%: no passive effects
@: lethally poisoned (0 -> -5), snake-form
A: constrict, reduced hp, almost no armour, amphibious, 8 rings, large,
(camouflage 1), (gelatinous body 1), (nimble swimmer 1), (tentacles)
a: Begin Untransformation, Renounce Religion, Potion Petition, Call Merchant,
Bribe Branch


You were on level 6 of the Dungeon.
You worshipped Gozag.
Gozag was noncommittal.
You were an enormous serpent.
You visited 2 branches of the dungeon, and saw 7 of its levels.

You collected 238 gold pieces.
You spent 124 gold pieces at shops.
You paid 40 gold pieces to Gozag.

Inventory:

Missiles
 g - a throwing net
Magical Staves
 b - a staff of earth
Jewellery
 e - a ring of protection from fire (left tentacle)
 k - a +6 ring of dexterity (right tentacle)
Talismans
 n - a serpent talisman (active)
Wands
 p - a wand of paralysis (23)
Scrolls
 d - 2 scrolls of revelation
 f - 2 scrolls of enchant weapon
 h - a scroll of immolation
 i - a scroll of teleportation
 j - a scroll of torment
 l - a scroll of amnesia {unknown}
 m - a scroll of butterflies {unknown}
Potions
 a - a potion of magic
 o - a potion of brilliance


   Skills:
 - Level 2.4 Fighting
 - Level 3.5 Dodging
 - Level 4.7 Stealth
 + Level 7.9 Unarmed Combat
 - Level 2.0 Spellcasting
 - Level 1.0 Conjurations
 - Level 3.0 Earth Magic
 - Level 1.7 Evocations
 * Level 4.6 Shapeshifting


You had 5 spell levels left.
You knew the following spells:

 Your Spells              Type           Power      Damage    Failure   Level
a - Sandblast             Erth           24%        2d8       5%          1
b - Stone Arrow           Conj/Erth      18%        3d8       24%         3
x - Blink                 Tloc           2%         N/A       26%         2

Your spell library contained the following spells:

 Spells                   Type           Power      Damage    Failure   Level
 Passwall                 Erth           12%        N/A       16%         3
 Momentum Strike          Conj/Tloc      6%         3d8       22%         2
 Lesser Beckoning         Tloc           2%         N/A       26%         2
 Brom's Barrelling Bould  Conj/Erth      9%         2d3       61%         4
 Petrify                  Alch/Erth      7%         N/A       67%         4


Dungeon Overview and Level Annotations

Branches:
Dungeon (6/15)             Temple (1/1) D:4

Altars:
Ashenzari
Dithmenos
Fedhas
Gozag
Hepliaklqana
Kikubaaqudgha
Nemelex Xobeh
Okawaru
Qazlal
Ru
Trog
Uskayaw
Vehumet
Wu Jian
Xom
Yredelemnul
Zin
The Shining One

Shops:
D:2 *   D:6 :


Innate Abilities, Weirdness & Mutations

You are an enormous serpent.
You have a powerful constriction melee attack.
Your maximum health is decreased, since you lack skill for your form.
Your armour is entirely melded.
You are incapable of wielding weapons or throwing items.
You cannot wear most types of armour.
You are amphibious.
You can wear up to eight rings at the same time.
((Your skin changes colour to match your surroundings (Stealth+).))
((Your rubbery body absorbs attacks. (AC +1, EV +1)))
((You are camouflaged when in or above water. (Stealth+)))
((You have tentacles for arms and can constrict up to eight enemies at once.))


Message History

Your grab misses the killer bee.
Your surroundings suddenly seem different.
* * * LOW HITPOINT WARNING * * *
You feel very sick.
Unknown command.
Unknown command.
Okay, then.
You are lethally poisoned (9 -> -4).
You have 8 tentacles available for constriction.
Your movement speed is average.
Your attack delay is about 0.8.
Your damage rating with unarmed combat is about 9 (Base [3 + 7 (UC)] x 92% (Str) x 104% (Fight)).
Your base attributes are Str 7, Int 18, Dex 14.
Unknown command.
Okay, then.
Okay, then.
There is a lethal amount of poison in your body!
* * * LOW HITPOINT WARNING * * *
You feel very sick.
You begin transforming.
You continue transforming.
* * * LOW HITPOINT WARNING * * *
You feel very sick.
You continue transforming.
* * * LOW HITPOINT WARNING * * *
You feel sick.
You continue transforming.
* * * LOW HITPOINT WARNING * * *
You feel sick.
You turn into an enormous serpent.
Unknown command.
Unknown command.
You are lethally poisoned (1 -> -4).
You are an enormous serpent.
Your movement speed is average.
Your attack delay is about 0.8.
Your damage rating with unarmed combat is about 18 (Base [10 + 7 (UC)] x 105% (Str) x 104% (Fight)).
Your base attributes are Str 7, Int 18, Dex 14.
Unknown command.
Okay, then.
There is a lethal amount of poison in your body!
Unknown command.
You die...
Your body crumbles into a pile of gold.

*,* *** *******,* ,,*
*,,,,,,,* *,* *,*****,*
*,******,* #,* *,,,,,,,,*
#.* ,,****,*** #.#* *** *,*
#..## * *,** *#.S#** *,,*
##...#
*******,*******###.#********
,,*,,,,,,,,,,,,,,,...,,,,,,*
*,*,,*,,,**,,,,,***###+*****
*,,,,*,*,,,,,**,*,,,*,,,*,,*
*,,*,,,*,,**,,,,+,,,+,,,,,,*
,,,*,,,,,,,,,,,,*,,,*,,,*,,*
****************************


There were no monsters in sight!

Vanquished Creatures
  Pikel (D:4)
  2 water moccasins (D:5)
  Duvessa (D:4)
  3 phantoms (D:5)
  4 lemures (D:4)
  Blork the orc (D:6)
  A scorpion (D:4)
  A burial acolyte (D:5)
  Dowan (D:4)
  A killer bee (D:6)
  2 bombardier beetles (D:5)
  3 iguanas (D:5)
  A sleepcap (D:5)
  2 orc wizards
  4 gnolls (D:4)
  2 adders
  2 ufetubi (D:5)
  2 adder zombies (D:5)
  2 ribbon worms
  A dart slug (D:2)
  7 orcs
  10 endoplasms
  5 giant cockroaches
  8 goblins
  8 hobgoblins
  11 jackals
  3 quokkas
  8 ball pythons
  3 bats
  2 frilled lizards (D:1)
  A jackal zombie (D:5)
  7 kobolds
  8 rats
118 creatures vanquished.

Notes
Turn   | Place    | Note
-------+----------+-------------------------------------------
     0 | D:1      | zenocrate the Octopode Earth Elementalist began the quest
                  | for the Orb.
     0 | D:1      | Reached XP level 1. HP: 11/11 MP: 3/3
   113 | D:1      | Reached XP level 2. HP: 18/18 MP: 5/5
   307 | D:1      | Reached skill level 1 in Unarmed Combat
   363 | D:1      | Reached skill level 1 in Fighting
   366 | D:1      | Reached XP level 3. HP: 21/23 MP: 6/6
   657 | D:2      | Found a glowing golden altar of the Shining One.
   767 | D:2      | Found Laigry's Assorted Antiques.
   770 | D:2      | Bought a ruby potion for 23 gold pieces
   770 | D:2      | Bought a fizzy blue potion for 23 gold pieces
   996 | D:2      | Reached XP level 4. HP: 28/28 MP: 5/7
  1088 | D:2      | Learned a level 3 spell: Stone Arrow
  1091 | D:2      | Learned a level 2 spell: Blink
  1116 | D:2      | Reached skill level 2 in Unarmed Combat
  1482 | D:2      | Bought a scroll labelled LIHADA RAKLOCS for 26 gold pieces
  1598 | D:3      | Found a radiant altar of Vehumet.
  1847 | D:2      | Bought a scroll labelled PEF ATILUIZOZO for 26 gold pieces
  2305 | D:4      | Found a bloodstained altar of Trog.
  2372 | D:4      | Found a staircase to the Ecumenical Temple.
  2386 | Temple   | Entered the Ecumenical Temple
  2489 | Temple   | Reached XP level 5. HP: 21/34 MP: 8/8
  2678 | D:4      | Noticed Dowan
  2682 | D:4      | Noticed Duvessa
  2697 | D:4      | Killed Duvessa
  2698 | D:4      | Reached skill level 3 in Unarmed Combat
  2698 | D:4      | Reached skill level 1 in Evocations
  2698 | D:4      | Reached XP level 6. HP: 12/39 MP: 6/9
  2698 | D:4      | Killed Dowan
  3112 | D:4      | Found a hazy altar of Hepliaklqana.
  3113 | D:4      | Noticed Pikel
  3472 | D:4      | Killed Pikel
  3473 | D:4      | Reached skill level 5 in Unarmed Combat
  3473 | D:4      | Reached XP level 7. HP: 9/45 MP: 10/10
  3676 | D:4      | Reached XP level 8. HP: 39/51 MP: 11/11
  3855 | D:5      | Entered Level 5 of the Dungeon
  3920 | D:5      | Reached skill level 6 in Unarmed Combat
  4278 | Temple   | Became a worshipper of Gozag Ym Sagoz the Greedy
  4533 | D:5      | Reached skill level 7 in Unarmed Combat
  4545 | D:5      | HP: 3/76 [poisoned by a water moccasin]
  4774 | D:5      | Found a sacrificial altar of Ru.
  5094 | D:2      | Bought a scroll labelled XYN XAIQIM for 26 gold pieces
  5478 | D:5      | Found an ancient bone altar of Kikubaaqudgha.
  5529 | D:6      | Found Weekoass's Book Boutique.
  5574 | D:6      | Noticed Blork the orc
  5585 | D:6      | Killed Blork the orc
  5590 | D:6      | HP: 1/51 [poisoned by a killer bee]
  5592 | D:6      | Succumbed to a killer bee's poison

Illustrated notes

Levels and vault maps discovered:
D:1:      dpeg_arrival_boxes_within_box, layout_rooms,
          kennysheep_decorative_pillar, kennysheep_doodads
D:2:      layout_basic, basic_altar, serial_shops, nicolae_shop_real_fake_doors
D:3:      layout_loops_ring, nicolae_vehumet_radiance
D:4:      layout_loops_ring, general_overflow_altar,
          nicolae_hepliaklqana_hazy_memory, temple_pool_b, uniq_duvessa,
          uniq_pikel
D:5:      layout_loops_ring, lemuel_zombie_altar_kikubaaqudgha,
          kennysheep_mini_moat
D:6:      minmay_thinvault, layout_basic, gup_ossuary_entry_pyramid,
          serial_shops, shop, uniq_crazy_yiuf_cottage, uniq_sigmund,
          uniq_blork_the_orc
Temple:   dshaligram_water_room_temple

Skill      XL: |  1  2  3  4  5  6  7  8 |
---------------+-------------------------+-----
Stealth        | 3 4 |  4.7
Unarmed Combat | 1 2 3 5 7 |  7.9
Fighting       | 1 2 |  2.4
Dodging        | 3 |  3.5
Evocations     | 1 |  1.7
Shapeshifting  | 2 4 |  4.6
Spellcasting   | |  2.0
Conjurations   | |  1.0
Earth Magic    | |  3.0

Action                     |  1- 3 |  4- 6 |  7- 9 || total
---------------------------+-------+-------+-------++-------
  Melee: Unarmed           |    74 |   134 |   102 ||   310
         Constrict         |    26 |    37 |    25 ||    88
         Tentacles         |    20 |    34 |    29 ||    83
         Punch             |     2 |     5 |    15 ||    22
   Cast: Sandblast         |    10 |    13 |     1 ||    24
         Blink             |       |     1 |       ||     1
    Use: Potion            |       |     9 |     1 ||    10
         Scroll            |       |     2 |     7 ||     9
   Stab: Sleeping          |    16 |     8 |     7 ||    31
 Armour: Skin              |    20 |    77 |    50 ||   147
  Dodge: Dodged            |    48 |    70 |    48 ||   166
   Form: Serpent           |       |       |     1 ||     1

Table legend: (Time is in decaauts)
 A = Elapsed time spent in this place.
 B = Non-inter-level travel time spent in this place.
 C = Inter-level travel time spent in this place.
 D = Time resting spent in this place.
 E = Time spent auto-exploring this place.
 F = Levels seen in this place.
 G = Mean time per level.
                   A        B        C        D        E       F      G
               +--------+--------+--------+--------+--------+-----+--------+
         Total |   5572 |   5131 |    441 |      9 |   4111 |   7 |  796.0 |
       Dungeon |   5412 |   4980 |    432 |      9 |   3983 |   6 |  902.0 |
        Temple |    160 |    151 |      9 |      0 |    128 |   1 |  160.0 |
               +--------+--------+--------+--------+--------+-----+--------+

Top non-repeatable levels by time:
     D:4: 1486 daAuts
     D:5: 1429 daAuts
     D:2: 994 daAuts
     D:3: 750 daAuts
     D:1: 659 daAuts
  Temple: 160 daAuts
     D:6: 92 daAuts
